 Dungeon Crawl Stone Soup version 0.30-a0-777-ga9a30cbeda (webtiles) character file.

Game seed: 2577012964422122609

11168 sanka the Earth Mage (level 11, -4/63 HPs)
             Began as a Gargoyle Earth Elementalist on Feb 14, 2023.
             Was an Initiate of Vehumet.
             Slain by an orc warrior
             ... wielding a +0 hand axe
              (8 damage)
             ... on level 9 of the Dungeon.
             The game lasted 00:23:28 (10249 turns).

sanka the Earth Mage (Gargoyle Earth Elementalist) Turns: 10249, Time: 00:23:28

Health: -4/63      AC: 35    Str: 12    XL:     11   Next: 73%
Magic:  14/18      EV: 21    Int: 26    God:    Vehumet [......]
Gold:   2632       SH:  0    Dex: 10    Spells: 9/20 levels left

rFire   . . .      SeeInvis .    C - staff of earth
rCold   . . .      Faith    .    (no shield)
rNeg    + . .      Spirit   .    L - +18 Lear's hauberk
rPois   ∞          Reflect  .    (helmet currently unavailable)
rElec   +          Harm     .    (no cloak)
rCorr   .          Rampage  .    (gloves currently unavailable)
Will    +....                    (boots currently unavailable) Stlth
                                 g - amulet of the acrobat
HPRegen 0.30/turn                o - +6 ring of intelligence
MPRegen 0.16/turn                n - ring of willpower

@: acrobatic
A: sickness immunity, AC +8, negative energy resistance 1, electricity
resistance, torment resistance 1, petrification resistance
a: Renounce Religion


You were on level 9 of the Dungeon.
You worshipped Vehumet.
Vehumet was noncommittal.
You visited 2 branches of the dungeon, and saw 11 of its levels.
You also visited: Ossuary and Bailey.

You collected 3652 gold pieces.
You spent 1020 gold pieces at shops.


Innate Abilities, Weirdness & Mutations

You are immune to sickness and miasma.
Your stone body is resilient. (AC +8)
You are immune to poison.
You resist negative energy. (rN+)
You are resistant to electric shocks. (rElec)
You are resistant to unholy torment.
You are immune to petrification.


   Skills:
 - Level 5.0 Fighting
 - Level 5.0 Armour
 - Level 5.0 Dodging
 - Level 2.1 Stealth
 - Level 5.0 Spellcasting
 + Level 3.9 Conjurations
 - Level 0.7 Transmutations
 + Level 15.8 Earth Magic
 - Level 6.0 Evocations


You had 9 spell levels left.
You knew the following spells:

 Your Spells              Type           Power      Damage    Failure   Level
x - Stone Arrow           Conj/Erth      100%       3d13      13%         3
z - Sandblast             Erth           100%       2d20      1%          1
N - Passwall              Tmut/Erth      54%        N/A       12%         2
X - Lee's Rapid Deconstr  Erth           46%        3d22*     10%         5

Your spell library contained the following spells:

 Spells                   Type           Power      Damage    Failure   Level
 Magic Dart               Conj           100%       1d8       45%         1
 Petrify                  Tmut/Erth      65%        N/A       63%         4
 Foxfire                  Conj/Fire      64%        2x1d7     73%         1
 Freeze                   Ice            24%        1d4       94%         1
 Hailstorm                Conj/Ice       16%        3d6       97%         3
 Call Imp                 Summ           6%         N/A       98%         2
 Mephitic Cloud           Conj/Pois/Air  13%        N/A       99%         3
 Frozen Ramparts          Ice            12%        1d2       100%        3
 Kindle Blastsparks       Fire/Tloc/Air  12%        2d11      100%        3
 Animate Dead             Necr           6%         N/A       100%        4
 Fulminant Prism          Conj/Hex       8%         3d7       100%        4
 Iskenderun's Mystic Bla  Conj/Tloc      16%        2d5       100%        4
 Olgreb's Toxic Radiance  Pois           6%         N/A       100%        4
 Fireball                 Conj/Fire      8%         3d6       100%        5
 Irradiate                Conj/Tmut      9%         3d14      100%        5
 Iskenderun's Battlesphe  Conj           26%        2d8       100%        5
 Conjure Ball Lightning   Conj/Air       8%         3x3d6     100%        6
 Starburst                Conj/Fire      8%         6d4       100%        6
 Haunt                    Necr/Summ      3%         N/A       100%        7
 Orb of Destruction       Conj           13%        9d7       100%        7
 Ozocubu's Refrigeration  Ice            3%         4d8       100%        7
 Ignition                 Fire           3%         3d4       100%        8
 Infestation              Necr           3%         N/A       100%        8
 Sublimation of Blood     Necr           Unusable   N/A       N/A         2

Inventory:

Hand Weapons
 t - a +0 whip of venom
 I - a +5 long sword of freezing
 R - a +0 scimitar of electrocution
Armour
 L - the +18 Lear's hauberk (worn)
Magical Staves
 C - a staff of earth (weapon)
Jewellery
 d - the ring of Zezxie {Ice rPois Int+3 Dex+2}

   [ring of ice]

   It enhances your ice magic.
   Int:       It affects your intelligence (+3).
   Dex:       It affects your dexterity (+2).
   rF:        It makes you vulnerable to fire.
   rC:        It protects you from cold.
   rPois:     It protects you from poison.
 e - a ring of protection from fire
 g - an amulet of the acrobat (around neck)
 i - a ring of flight
 n - a ring of willpower (right hand)
 o - a +6 ring of intelligence (left hand)
 u - a ring of protection from fire
 y - an amulet of regeneration
 D - a ring of willpower
Wands
 q - a wand of polymorph (10)
 s - a wand of flame (53)
 H - a wand of iceblast (5)
Scrolls
 a - a scroll of noise {!r}
 f - a scroll of identify {@r1}
 l - 3 scrolls of enchant armour
 v - 3 scrolls of amnesia
 w - a scroll of silence {unknown}
 x - 4 scrolls of enchant weapon
 z - 3 scrolls of fog
 A - 4 scrolls of teleportation {@r4}
 B - a scroll of butterflies
 E - 3 scrolls of blinking
 G - a scroll of brand weapon
 M - 4 scrolls of magic mapping
 Q - 3 scrolls of vulnerability {!r}
Potions
 b - 2 potions of magic
 c - 8 potions of curing {unknown}
 h - 3 potions of might {unknown}
 j - 4 potions of haste {unknown}
 k - 3 potions of heal wounds {@q2}
 m - 2 potions of ambrosia {unknown}
 p - 2 potions of flight {unknown}
 r - 10 potions of attraction {unknown}
 F - 2 potions of brilliance {unknown}
 J - a potion of lignification {unknown}
 P - 2 potions of invisibility {unknown}
 S - a potion of cancellation {unknown}

Dungeon Overview and Level Annotations

Branches:
Dungeon (10/15)            Temple (1/1) D:6            Lair (0/5) D:10
Ossuary (visited)          Bailey (visited)
    Orc: D:9-12

Altars:
Ashenzari
Cheibriados
Dithmenos
Elyvilon
Fedhas
Hepliaklqana
Kikubaaqudgha
Makhleb
Nemelex Xobeh
Okawaru
Qazlal
Ru
Sif Muna
Trog
Vehumet
Wu Jian
Xom
Yredelemnul
Zin
The Shining One

Shops:
D:4 (   D:8 ?

Annotations:
D:2 1 runed translucent door, Crazy Yiuf
D:4 2 transporters, adozu's ghost, amateur OpTm

▒......▒▒..........▒...▒▒.▒.▒▒▒.
▒..<▒..............▒...▒▒.▒▒.▒.▒
▒▒....▒.▒.▒.▒▒▒▒▒......▒▒▒.▒▒...
▒..▒.......▒ ▒..▒...▒▒...▒.▒.
▒..▒.▒.▒.▒.▒ ▒..▒...▒▒▒.▒▒...
▒▒..▒.......▒ ▒..▒..[▒▒.▒▒.▒.▒
▒...▒.▒.▒.▒.▒ ▒..▒...▒▒.▒.▒▒▒.
▒...........▒▒▒▒▒.....▒..▒...▒▒▒
▒.▒▒▒.▒....[...8o.....▒..▒..▒.▒°
▒▒▒▒▒'▒▒.▒.▒▒▒▒▒▒O...^▒.▒▒.▒...▒
▒...▒▒▒.▒.▒ ▒.{...▒▒.▒▒...▒▒
▒._.▒▒▒.▒.▒▒▒▒▒▒>.[.▒.▒.▒▒▒▒▒..
▒...▒.........▒▒....▒▒.▒..▒..▒▒
▒≈≈≈▒.........<.....▒▒▒.▒▒...▒▒
▒...▒.▒.▒.▒▒........▒ ▒▒.▒▒▒▒[.
▒._.▒.▒............▒▒▒▒▒▒......
▒▒...▒.▒.▒.▒.▒.▒▒...▒▒..........


You could see a two-headed ogre and an orc warrior.


Message History

The magic dart hits you but does no damage.
The gnoll hits you but does no damage.
The gnoll sergeant hits you but does no damage.
The two-headed ogre hits you but does no damage.
The two-headed ogre hits you with a +0 giant club.
* * * LOW HITPOINT WARNING * * *
You climb upwards.
Reactivating autopickup.
There is a stone staircase leading down here.
Unknown command.
Deactivating autopickup; reactivate with Ctrl-A.
You miss something. Something hits you but does no damage.
The orc warrior barely misses you.
Unknown command.
Okay, then.
Unknown command.
Something hits you but does no damage. The two-headed ogre closely misses you.
The two-headed ogre hits you but does no damage.
The orc warrior attacks as you move away!
The orc warrior misses you.
The two-headed ogre hits you with a +0 giant club!
* * * LOW HITPOINT WARNING * * *
The two-headed ogre closely misses you.
The orc warrior attacks as you move away!
The orc warrior hits you but does no damage.
The orc warrior attacks as you move away!
The orc warrior hits you with a +0 hand axe!
You die...

Action                     |  1- 3 |  4- 6 |  7- 9 | 10-12 || total
---------------------------+-------+-------+-------+-------++-------
  Melee: Dagger            |     3 |       |       |       ||     3
         Whip              |    76 |    42 |    15 |       ||   133
         Staff             |       |       |    50 |   151 ||   201
         Punch             |       |       |     3 |     3 ||     6
   Cast: Sandblast         |    17 |    15 |   183 |   245 ||   460
         Lee's Rapid Decon |       |       |       |     1 ||     1
  Evoke: Wand              |       |       |       |     3 ||     3
    Use: Scroll            |       |       |       |    18 ||    18
         Potion            |       |       |       |     1 ||     1
   Stab: Sleeping          |       |     2 |       |       ||     2
 Armour: Robe              |    29 |    24 |    53 |       ||   106
         Chain mail        |       |       |    26 |   357 ||   383
  Dodge: Dodged            |    65 |    44 |   102 |   155 ||   366

Levels and vault maps discovered:
D:1:      scummos_arrival_hexagon, layout_loops_corners,
          kennysheep_another_room, minmay_3d_cube
D:2:      cheibrodos_greedy_goblins, layout_basic, basic_altar, uniq_sigmund,
          uniq_natasha, uniq_crazy_yiuf_cottage, uniq_terence
D:3:      layout_rooms, lemuel_coloured_pillars_altar,
          mainiacjoe_overflow_small_starburst, mainiacjoe_overflow_brackets,
          hellmonk_ecumenical_altar_lost_god, minmay_misc_feat_tower,
          minmay_misc_feat_pillars, uniq_grinder, uniq_ijyb, uniq_robin
D:4:      layout_gridville, mainiacjoe_overflow_chevrons, gammafunk_ghost_arena,
          serial_shops, nicolae_shop_crystal, eino_tiny_chamber,
          minmay_misc_feat_columns, grunt_decor_one_mirror, dreamdust_gnoll_farm
D:5:      layout_loops_ring, minmay_misc_feat_five
D:6:      layout_basic, nicolae_overflow_hidden_temple,
          minmay_temple_entry_purple_smoke, hellmonk_guarded_unrand_lears
D:7:      layout_cave_pools, mainiacjoe_overflow_concentric_impassable
D:8:      layout_loops_cross, mainiacjoe_overflow_alcove_4, serial_shops, shop,
          enter_ossuary_1, enter_bailey_4
D:9:      minmay_ornate_pinched, layout_loops_ring,
          mainiacjoe_overflow_divided_tiny, serial_glass, glass_columns_b,
          glass_columns_b, grunt_livestock, hangedman_abyss_or_decor_passed,
          corner_web_ring, minivault_12
D:10:     layout_loops_corners, mainiacjoe_overflow_alcove_1,
          old_standard_altar, erik_lair_orcish_takeover, uniq_harold
Temple:   minmay_temple_curvy_loop

Notes
Turn   | Place    | Note
-------+----------+-------------------------------------------
     0 | D:1      | sanka the Gargoyle Earth Elementalist began the quest for
                  | the Orb.
     0 | D:1      | Reached XP level 1. HP: 10/10 MP: 3/3
   182 | D:1      | Reached skill level 4 in Earth Magic
   316 | D:1      | Reached XP level 2. HP: 15/15 MP: 3/5
   832 | D:1      | Reached skill level 5 in Earth Magic
   832 | D:1      | Reached XP level 3. HP: 18/19 MP: 6/6
  1180 | D:2      | Noticed Terence
  1186 | D:2      | HP: 1/19 [Terence/+0 mace (5)]
  1187 | D:2      | Killed Terence
  1272 | D:2      | Noticed Sigmund
  1280 | D:2      | Killed Sigmund
  1281 | D:2      | Reached skill level 7 in Earth Magic
  1281 | D:2      | Reached XP level 4. HP: 22/24 MP: 1/7
  1281 | D:2      | Reached XP level 5. HP: 26/28 MP: 1/8
  1353 | D:2      | Noticed Natasha
  1378 | D:2      | Killed Natasha
  1379 | D:2      | Reached XP level 6. HP: 23/32 MP: 5/9
  1484 | D:2      | Reached skill level 8 in Earth Magic
  1707 | D:2      | Found a shimmering blue altar of Sif Muna.
  2126 | D:2      | Found a runed translucent door.
  2127 | D:2      | Noticed Crazy Yiuf
  2181 | D:3      | Noticed Natasha
  2188 | D:3      | Killed Natasha
  2189 | D:3      | Reached skill level 1 in Fighting
  2320 | D:3      | Found a broken altar of Ashenzari.
  2327 | D:3      | Noticed Grinder
  2330 | D:3      | Killed Grinder
  2331 | D:3      | Reached skill level 2 in Fighting
  2331 | D:3      | Reached skill level 2 in Dodging
  2331 | D:3      | Reached XP level 7. HP: 40/40 MP: 6/10
  2392 | D:3      | Noticed Ijyb
  2403 | D:3      | Killed Ijyb
  2404 | D:3      | Reached skill level 3 in Fighting
  2516 | D:3      | Reached skill level 3 in Dodging
  2550 | D:3      | Found a stormy altar of Qazlal.
  2625 | D:3      | Found a basalt altar of Yredelemnul.
  2736 | D:3      | Noticed Robin
  2753 | D:3      | Killed Robin
  2822 | D:3      | Noticed Natasha
  2825 | D:3      | Killed Natasha
  2841 | D:3      | Found a faded altar of an unknown god.
  3048 | D:4      | Found Sexutrev's Antique Weapon Shoppe.
  3091 | D:4      | Reached skill level 4 in Fighting
  3234 | D:4      | Reached skill level 4 in Dodging
  3245 | D:4      | Reached XP level 8. HP: 47/48 MP: 8/11
  3351 | D:4      | Reached skill level 5 in Fighting
  3426 | D:4      | Found a transporter.
  3429 | D:4      | Noticed adozu's ghost (amateur OpTm)
  3455 | D:4      | Found a transporter.
  3531 | D:4      | Found a sacrificial altar of Ru.
  3579 | D:4      | Learned a level 2 spell: Passwall
  3583 | D:4      | Learned a level 3 spell: Stone Arrow
  3899 | D:5      | Entered Level 5 of the Dungeon
  3904 | D:5      | Reached skill level 5 in Dodging
  4308 | D:5      | Reached skill level 3 in Spellcasting
  4504 | D:5      | Reached skill level 9 in Earth Magic
  4866 | D:6      | Reached skill level 4 in Spellcasting
  4866 | D:6      | Reached XP level 9. HP: 54/54 MP: 10/15
  4999 | D:6      | Found a staircase to the Ecumenical Temple.
  5073 | Temple   | Entered the Ecumenical Temple
  5538 | D:6      | Found an iron altar of Okawaru.
  5597 | D:6      | Reached skill level 5 in Spellcasting
  5597 | D:6      | Reached skill level 10 in Earth Magic
  5897 | D:6      | Reached skill level 11 in Earth Magic
  5973 | D:6      | Found the +18 Lear's hauberk
  5981 | D:6      | Noticed a troll
  5989 | D:6      | Killed a troll
  6188 | D:7      | Reached skill level 1 in Armour
  6247 | D:7      | Reached skill level 2 in Armour
  6434 | D:7      | Reached skill level 12 in Earth Magic
  6566 | D:7      | Found a bloodstained altar of Trog.
  6621 | D:7      | Reached skill level 3 in Armour
  6623 | D:7      | Reached skill level 4 in Armour
  6679 | D:7      | Reached XP level 10. HP: 59/59 MP: 15/17
  6828 | D:8      | Identified 2 scrolls of acquirement
  6829 | D:8      | Acquired 1231 gold pieces
  6831 | D:8      | Acquired 998 gold pieces
  6837 | D:8      | Found Tozedil's Magic Scroll Emporium.
  6851 | D:8      | Bought a scroll of acquirement for 624 gold pieces
  6851 | D:8      | Bought a scroll of amnesia for 48 gold pieces
  6851 | D:8      | Bought a scroll of butterflies for 48 gold pieces
  6851 | D:8      | Bought a scroll of vulnerability for 48 gold pieces
  6851 | D:8      | Bought a scroll of identify for 24 gold pieces
  6853 | D:8      | Acquired 828 gold pieces
  6907 | D:8      | Found a sand-covered staircase.
  6921 | D:8      | Reached skill level 5 in Armour
  6924 | Ossuary  | Entered an ossuary
  7235 | Ossuary  | Reached skill level 1 in Evocations
  7335 | D:8      | Found a flagged portal.
  7390 | Bailey   | Entered a bailey
  7414 | Bailey   | Reached skill level 2 in Evocations
  7427 | Bailey   | Reached skill level 3 in Evocations
  7552 | Bailey   | Reached skill level 13 in Earth Magic
  7642 | Bailey   | Noticed Prince Ribbit
  7645 | Bailey   | Killed Prince Ribbit
  7646 | Bailey   | Reached skill level 4 in Evocations
  7648 | Bailey   | Noticed a vault guard
  7666 | Bailey   | Killed a vault guard
  7721 | Bailey   | Noticed a vault guard
  7740 | Bailey   | HP: 4/59 [vault guard/+0 broad axe (4)]
  7783 | Bailey   | Killed a vault guard
  7784 | Bailey   | Reached skill level 5 in Evocations
  7784 | Bailey   | Reached XP level 11. HP: 45/63 MP: 8/18
  7999 | D:8      | Bought a scroll of enchant armour for 90 gold pieces
  7999 | D:8      | Bought a scroll of noise for 12 gold pieces
  7999 | D:8      | Bought a scroll of magic mapping for 90 gold pieces
  7999 | D:8      | Bought a scroll of teleportation for 36 gold pieces
  8151 | D:8      | Reached skill level 14 in Earth Magic
  8311 | D:8      | Identified the ring of Zezxie {Ice rPois Int+3 Dex+2}
  8573 | D:8      | Found a shimmering blue altar of Sif Muna.
  8640 | D:8      | Reached skill level 6 in Evocations
  8964 | D:9      | Reached skill level 15 in Earth Magic
  8984 | D:9      | Found an ancient bone altar of Kikubaaqudgha.
  8984 | D:9      | Found a radiant altar of Vehumet.
  9122 | D:9      | Noticed a boulder beetle
  9274 | D:9      | Learned a level 5 spell: Lee's Rapid Deconstruction
  9374 | D:9      | Reached skill level 1 in Conjurations
  9429 | D:9      | Identified +0 acid dragon scales
  9435 | D:9      | Reached skill level 2 in Conjurations
  9746 | D:9      | Reached skill level 3 in Conjurations
  9868 | D:9      | Noticed a centaur warrior
  9868 | D:9      | Noticed a centaur warrior
  9980 | D:9      | Noticed a seven-headed hydra
  9981 | D:9      | Noticed a centaur warrior
  9981 | D:9      | Noticed a deep elf pyromancer
  9982 | D:9      | Noticed a manticore
  9982 | D:9      | Noticed a cyan ugly thing
  9982 | D:9      | Noticed a red ugly thing
  9982 | D:9      | Identified the +7 flail "Ihomut" {protect, rElec rN+++ MP+9
                  | Stlth-}
  9982 | D:9      | Noticed a deep elf pyromancer
 10053 | D:9      | Became a worshipper of Vehumet
 10227 | D:10     | Entered Level 10 of the Dungeon
 10227 | D:10     | Noticed a two-headed ogre
 10227 | D:10     | Found a staircase to the Lair.
 10246 | D:9      | HP: 3/63 [two-headed ogre/+0 giant club (12)]
 10249 | D:9      | Slain by an orc warrior

Vanquished Creatures
  2 vault guards (Bailey)
  2 trolls
  Prince Ribbit (Bailey)
  A hornet (D:9)
  Grinder (D:3)
  Sigmund (D:2)
  A wyvern (D:9)
  A wraith (D:9)
  7 yaks
  A basilisk (D:9)
  6 humans
  3 hogs (D:9)
  2 wargs (D:10)
  A steam dragon (D:7)
  An acid dragon (D:9)
  2 water moccasins
  2 orc warriors (D:9)
  2 black bears
  7 centaurs
  An ogre (D:4)
  A phantom (D:5)
  A kobold brigand (D:6)
  An elf zombie (Ossuary)
  14 bullfrogs
  2 scorpions
  4 necrophages
  21 wights
  6 howler monkeys
  2 centaur zombies (Ossuary)
  A human zombie (Ossuary)
  A gnoll bouda (D:8)
  4 hounds
  4 jellies
  7 orc priests
  6 iguanas
  Ijyb (D:3)
  Natasha (thrice) (D:2 D:3)
  Terence (D:2)
  17 orc wizards
  2 mummies (Ossuary)
  Robin (D:3)
  2 adders (D:6)
  13 gnolls
  A white imp (D:7)
  3 ufetubi
  2 adder zombies (Ossuary)
  3 worms (D:3)
  A dart slug (D:2)
  28 orcs
  5 ball pythons
  6 bats
  10 endoplasms
  3 giant cockroaches (D:4)
  21 goblins
  9 hobgoblins
  3 jackals (D:4)
  12 kobolds
  4 quokkas
  4 frilled lizards
  2 goblin zombies (Ossuary)
  7 hobgoblin zombies (Ossuary)
  3 jackal zombies (Ossuary)
  5 kobold zombies (Ossuary)
  13 orc zombies (Ossuary)
  7 rats
  A rat zombie (Ossuary)
313 creatures vanquished.

Vanquished Creatures (others)
  2 goblins (D:3)
  4 fungi (D:4)
  A plant (D:10)
7 creatures vanquished.

Grand Total: 320 creatures vanquished
